Map: Dusk Towers

Players

cheonhyang

  • Race: Terran Terran
  • League: Platinum

NaCl - Winner!

  • Race: Zerg Zerg
  • League: Platinum

VOD

Have the link to the VOD?

Description

Bated AF guys... Bated af

Time

  • Played on: March 30, 2016, 10:01 p.m.
  • Length: 4:24
Show
View Real Time Build Order
Export as new Build Order

cheonhyang Terran 

Build Orders:  

Get SALT Encoding   

  12  0:01  SCV  
  13  0:13  SCV  
  14  0:18  Supply Depot  
  14  0:25  SCV  
  15  0:39  SCV  
  15  0:41  Barracks  
  16  0:48  Refinery  
  16  0:52  SCV  
  17  1:04  SCV  
  18  1:28  Barracks  
  18  1:31  Barracks, Orbital Command  
  18  1:41  Barracks Reactor  
  18  1:47  Supply Depot  
  18  1:57  SCV  
  19  2:12  Factory  
  19  2:14  SCV  
  20  2:19  Refinery, Marine x2  
  22  2:24  Barracks Tech Lab  
  22  2:26  SCV  
  23  2:34  Barracks Tech Lab  
  23  2:40  Marine x2  
  25  2:54  SCV  
  25  2:57  Supply Depot  
  25  3:01  Marine x3  
  25  3:02  Marine  
  29  3:13  Supply Depot  
  29  3:21  Marine  
  29  3:23  Marine  
  31  3:27  Marine  
  31  3:29  Marine  
  33  3:39  Marine  
  33  3:41  Marine  
  34  3:42  Factory Reactor  
  34  3:45  Marine  
  36  3:49  Supply Depot  
  36  4:01  Marine x2  
  36  4:02  Marine  
  39  4:03  Marine  
Show
View Real Time Build Order
Export as new Build Order

NaCl Zerg - Winner!

Build Orders: Hatch First 

Get SALT Encoding   

  12  0:01  Drone  
  13  0:08  Drone  
  14  0:17  Overlord  
  14  0:35  Drone x3  
  17  0:54  Hatchery  
  16  0:58  Drone  
  16  1:02  Extractor  
  16  1:11  Spawning Pool  
  16  1:15  Drone  
  16  1:27  Drone x2  
  18  1:41  Drone  
  19  1:50  Drone  
  20  1:59  Queen  
  22  2:02  Metabolic Boost  
  22  2:06  Queen  
  22  2:08  Zergling x4  
  26  2:15  Zergling x2  
  27  2:26  Baneling Nest  
  26  2:38  Overlord  
  26  2:47  Zergling x4  
  28  2:57  Zergling x8  
  32  3:06  Overlord  
  32  3:28  Zergling x6  
  32  3:29  Zergling x2  
  32  3:30  Overlord  
  36  3:36  Hatchery  
  34  3:42  Baneling x4  
  34  3:46  Baneling x3  
  33  3:56  Zergling x6  
Tags
 
Add a new tag
Caveats
  • Supply blocks, unpowered buildings, or Contaminate may cause inaccurate times.
  • Supply counts are checked every 10 seconds.